 Dungeon Crawl Stone Soup version 0.22-b1-21-g5cfc1688f2 (webtiles) character file.

5597 Pisosu the Cleaver (level 10, -10/91 HPs)
             Began as a Minotaur Berserker on Aug 5, 2018.
             Was an Elder of Trog.
             Splashed by an acid dragon's acid (14 damage)
             ... on level 12 of the Dungeon.
             The game lasted 00:32:02 (8680 turns).

Pisosu the Cleaver (Minotaur Berserker)             Turns: 8680, Time: 00:32:06

Health: -10/91     AC:  3    Str: 31    XL:     10   Next: 45%
Magic:  0/0        EV: 11    Int:  4    God:    Trog [****..]
Gold:   452        SH: 11    Dex: 12    Spells: 9/9 levels left

rFire    + . .     SeeInvis +   G - +0 war axe
rCold    x . .     Gourm    .   K - +0 shield
rNeg     . . .     Faith    .   N - +3 ring mail of the Fifty Dreams {rC- MP-9 Str+5 Dex+3}
rPois    .         Spirit   .   (helmet restricted)
rElec    .         Reflect  .   (no cloak)
rCorr    .         Harm     .   j - +0 pair of gloves
MR       .....                  (no boots)
Stlth    +.........             (no amulet)
HPRegen  0.25/turn              A - ring of see invisible
MPRegen  0.07/turn              E - ring of protection from fire

@: about to teleport, corroded
A: retaliatory headbutt, horns 2
a: Berserk, Trog's Hand, Brothers in Arms, Renounce Religion


You were on level 12 of the Dungeon.
You worshipped Trog.
Trog was greatly pleased with you.
You were not hungry.

You visited 1 branch of the dungeon, and saw 10 of its levels.

You collected 452 gold pieces.

Inventory:

Hand Weapons
 a - a +0 hand axe
 z - a +1 hand axe of chopping
 G - a +0 war axe (weapon)
 Q - the +3 shortbow "Kiziukk" {velocity, Int+2, unknown}
   (You found it on level 9 of the Dungeon)

   Any arrow fired from it inflicts extra damage.
   It affects your intelligence (+2).
Missiles
 y - 16 tomahawks (quivered)
Armour
 j - a +0 pair of gloves (worn)
 r - a +0 plate armour
 K - a +0 shield (worn)
 N - the +3 ring mail of the Fifty Dreams (worn) {rC- MP-9 Str+5 Dex+3}
   (You found it on level 6 of the Dungeon)

   It affects your strength (+5).
   It affects your dexterity (+3).
   It makes you vulnerable to cold.
   It affects your magic capacity (-9).
 O - a +4 scale mail of poison resistance
Magical Staves
 C - an uncursed staff of energy {unknown}
Jewellery
 w - an uncursed ring of positive energy
 A - a ring of see invisible (left hand)
 E - a ring of protection from fire (right hand)
Wands
 I - a wand of acid (7)
 R - a wand of polymorph (13)
 S - a wand of enslavement (10)
 T - a wand of disintegration (7)
Scrolls
 d - 2 scrolls of fear
 e - 10 scrolls of identify
 k - a scroll of enchant weapon
 o - 3 scrolls of random uselessness
 p - 2 scrolls of teleportation
 q - 6 scrolls of remove curse {unknown}
 x - 2 scrolls of enchant armour {unknown}
 D - 2 scrolls of immolation {unknown}
 F - a scroll of magic mapping {unknown}
 M - a scroll of summoning {unknown}
 P - 2 scrolls of blinking {unknown}
Potions
 g - 2 potions of might {unknown}
 h - 4 potions of haste
 i - 2 potions of ambrosia {unknown}
 l - 3 potions of magic {unknown}
 m - 6 potions of curing {unknown}
 n - 2 potions of mutation {unknown}
 s - 2 potions of resistance {unknown}
 u - 4 potions of heal wounds {unknown}
 v - 3 potions of invisibility
 B - a potion of agility {unknown}
 H - a potion of lignification {unknown}
 J - 4 potions of degeneration {unknown}
Comestibles
 c - 8 rations
 f - 2 chunks of flesh


   Skills:
 + Level 9.5 Fighting
 + Level 12.6 Axes
 + Level 8.2 Armour
 - Level 5.3 Dodging
 - Level 1.2 Stealth
 + Level 4.6 Shields


You had 9 spell levels left.
You didn't know any spells.
Your spell library was empty.

Dungeon Overview and Level Annotations

Branches:
Dungeon (9/15)             Temple (0/1) D:4
   Lair: D:8-11         Orc: D:9-12

Altars:
Ashenzari
Cheibriados
Dithmenos
Gozag
Hepliaklqana
Kikubaaqudgha
Makhleb
Nemelex Xobeh
Okawaru
Qazlal
Ru
Wu Jian
Xom

Shops:
D:5 %

Annotations:
D:4 1 runed door


Innate Abilities, Weirdness & Mutations

You reflexively headbutt those who attack you in melee.
You have a pair of horns on your head.


Message History

You recover from your berserk rage.
As you read the scroll labeled BIZULL JUGECA, it crumbles to dust.
It is a scroll of enchant weapon.
Your +0 hand axe of chopping glows red for a moment.
As you read the scroll labeled BUITZI GOTIO, it crumbles to dust.
The dust glows bright brown!
It was a scroll of random uselessness.
The acid dragon spits acid at you. The splash of acid hits you!
The acid corrodes you!
You are splashed with acid!
The acid burns!
* * * LOW HITPOINT WARNING * * *
Found a scroll labeled MOETAA OCHEM.
Okay, then.
You fail to use your ability.
As you read the scroll labeled KEEXTIF ZAHY, it crumbles to dust.
You feel strangely unstable.
It was a scroll of teleportation.
The acid dragon spits acid at you. The splash of acid hits you!
* * * LOW HITPOINT WARNING * * *
The acid corrodes you!
You are splashed with acid!
The acid burns!
You die...

........#. .?......
....... .....# .....#
#....# #....# #@...#
#....# #D...# . #....#
.. #######....#...
#....§........!
######.[†.§.........
#####.........§§§§......
.....†..?.)..(§§§§......


You could see an acid dragon.

Vanquished Creatures
  Harold (D:8)
  Pikel (D:8)
  Joseph (D:8)
  A troll (D:12)
  A wyvern (D:8)
  Grum (D:8)
  2 vampire mosquitoes (D:12)
  Edmund (D:6)
  The ghost of Atrufuhia the Grave Robber, an amateur DENe (D:4)
  2 orc warriors
  2 slaves (D:8)
  A necrophage (D:3)
  A black bear (D:9)
  An ice beast (D:9)
  A sky beast (D:12)
  4 wolves (D:8)
  A centaur (D:6)
  4 ogres
  4 bullfrogs
  A killer bee (D:9)
  An electric eel (D:12)
  2 howler monkeys
  3 crimson imps (D:5)
  A jelly (D:8)
  3 orc priests
  2 hounds
  2 centaur skeletons
  8 orc wizards
  2 iguanas
  5 worker ants
  A killer bee zombie (D:6)
  A worker ant zombie (D:8)
  4 gnolls (D:3)
  2 howler monkey skeletons
  2 river rats (D:4)
  11 adders
  A shadow imp (D:6)
  An ooze (D:4)
  An adder zombie (D:6)
  5 worms (D:4)
  3 dart slugs
  5 leopard geckos
  21 orcs
  3 ball pythons
  3 giant cockroaches
  8 hobgoblins
  8 jackals
  3 kobolds
  3 quokkas
  9 bats
  A frilled lizard (D:1)
  6 goblins
  A leopard gecko skeleton (D:5)
  4 rats
168 creatures vanquished.

Vanquished Creatures (collateral kills)
  A troll (D:9)
  A merfolk (D:9)
  A vampire mosquito (D:12)
  A bullfrog (D:12)
  3 killer bees (D:9)
7 creatures vanquished.

Grand Total: 175 creatures vanquished

Notes
Turn   | Place    | Note
-------+----------+-------------------------------------------
     0 | D:1      | Pisosu the Minotaur Berserker began the quest for the Orb.
     0 | D:1      | Reached XP level 1. HP: 19/19 MP: 0/0
   217 | D:1      | Reached skill level 4 in Axes
   217 | D:1      | Reached XP level 2. HP: 25/27 MP: 1/1
  1483 | D:2      | Reached XP level 3. HP: 25/33 MP: 2/2
  1714 | D:2      | Found a faded altar of an unknown god.
  1808 | D:2      | Reached ** piety under Trog
  2075 | D:3      | Reached XP level 4. HP: 41/41 MP: 3/3
  2090 | D:3      | Noticed a necrophage
  2097 | D:3      | Killed a necrophage
  2097 | D:3      | Reached skill level 5 in Axes
  2097 | D:3      | Reached XP level 5. HP: 47/47 MP: 4/4
  2359 | D:3      | Reached skill level 5 in Fighting
  2456 | D:3      | Reached skill level 6 in Axes
  2547 | D:3      | Reached XP level 6. HP: 56/56 MP: 5/5
  2778 | D:4      | Found a staircase to the Ecumenical Temple.
  2851 | D:4      | Found a runed door.
  2866 | D:4      | Found a runed door.
  2866 | D:4      | Noticed Atrufuhia's ghost (amateur DENe)
  2887 | D:4      | Found a sparkling altar of Nemelex Xobeh.
  3662 | D:4      | Killed Atrufuhia's ghost
  3662 | D:4      | Reached *** piety under Trog
  3662 | D:4      | Reached skill level 7 in Axes
  3662 | D:4      | Reached XP level 7. HP: 62/62 MP: 6/6
  3718 | D:5      | Entered Level 5 of the Dungeon
  4026 | D:5      | Found a sacrificial altar of Ru.
  4026 | D:5      | Found an ornate altar of the Wu Jian Council.
  4026 | D:5      | Found an opulent altar of Gozag.
  4032 | D:5      | Found a stormy altar of Qazlal.
  4108 | D:5      | Found Fatihet's Food Shoppe.
  4359 | D:5      | Reached skill level 5 in Armour
  5222 | D:6      | Reached skill level 8 in Axes
  5222 | D:6      | Reached XP level 8. HP: 71/71 MP: 7/7
  5416 | D:6      | Found a shimmering altar of Xom.
  5417 | D:6      | Found a hazy altar of Hepliaklqana.
  5418 | D:6      | Noticed a spectral ugly thing
  5806 | D:6      | Found an iron altar of Okawaru.
  5853 | D:6      | Noticed Edmund
  5862 | D:6      | Killed Edmund
  5961 | D:6      | Got a distressingly furry ring mail
  5979 | D:6      | Identified the +3 ring mail of the Fifty Dreams {rC- MP-9 Str+5 Dex+3} (You found it on level 6 of the Dungeon)
  6014 | D:6      | Found a shattered altar of Ashenzari.
  6014 | D:6      | Found an iron altar of Okawaru.
  6015 | D:6      | Found a burning altar of Makhleb.
  6180 | D:6      | Reached skill level 9 in Axes
  6267 | D:7      | Found an ancient bone altar of Kikubaaqudgha.
  6278 | D:7      | Reached **** piety under Trog
  6285 | D:7      | Reached skill level 1 in Stealth
  6334 | D:7      | You fall through a shaft!
  6403 | D:8      | Noticed Grum
  6417 | D:8      | Reached XP level 9. HP: 78/80 MP: 0/8
  6417 | D:8      | Reached skill level 1 in Shields
  6420 | D:8      | Killed Grum
  6420 | D:8      | Reached skill level 10 in Axes
  6619 | D:8      | Noticed Joseph
  6633 | D:8      | Killed Joseph
  6803 | D:8      | Noticed Harold
  6814 | D:8      | Killed Harold
  6814 | D:8      | Reached skill level 11 in Axes
  6814 | D:8      | Reached skill level 5 in Dodging
  7083 | D:8      | Found a snail-covered altar of Cheibriados.
  7245 | D:8      | Noticed Pikel
  7253 | D:8      | Killed Pikel
  7253 | D:8      | Reached XP level 10. HP: 91/91 MP: 0/9
  7546 | D:9      | Reached skill level 12 in Axes
  8002 | D:9      | Got a steaming shortbow
  8490 | D:9      | Found a shadowy altar of Dithmenos.
  8548 | D:9      | You fall through a shaft for 3 floors!
  8680 | D:12     | HP: 4/91 [acid dragon/splash of acid (14)]
  8680 | D:12     | Splashed by an acid dragon's acid

Skill      XL: |  1  2  3  4  5  6  7  8  9 10 |
---------------+-------------------------------+-----
Axes           | 4 5 6 7 8 9 11 12 | 12.6
Fighting       | 4 5 6 7 9 |  9.5
Armour         | 3 4 5 7 8 |  8.2
Dodging        | 3 4 5 |  5.3
Stealth        | 1 |  1.2
Shields        | 3 4 |  4.6

Action                   |  1- 3 |  4- 6 |  7- 9 | 10-12 || total
-------------------------+-------+-------+-------+-------++-------
Melee: Hand axe          |    48 |   152 |    44 |       ||   244
       Headbutt          |     6 |    22 |    39 |     8 ||    75
       War axe           |       |       |   150 |    37 ||   187
Throw: Tomahawk          |       |    24 |    62 |    15 ||   101
Invok: Berserk           |       |     3 |     8 |     2 ||    13
       Brothers in Arms  |       |       |       |     2 ||     2
  Use: Scroll            |       |       |       |     9 ||     9
       Potion            |       |       |       |     2 ||     2
 Stab: Sleeping          |     1 |       |       |       ||     1
       Invisible         |       |       |       |     1 ||     1
  Eat: Ration            |     1 |       |     2 |     1 ||     4
       Chunk             |       |     7 |    13 |     4 ||    24
Armor: Animal skin       |    10 |       |       |       ||    10
       Plate armour      |     8 |   111 |    55 |       ||   174
       Ring mail         |       |       |    21 |    12 ||    33
Dodge: Dodged            |    39 |    51 |    68 |    36 ||   194
Block: Shield            |       |       |    46 |    32 ||    78
